 Dungeon Crawl Stone Soup version 0.28.0 (webtiles) character file.

Game seed: 8343534592468430264

324 HallandMoats the Poker (level 6, -6/55 HPs)
             Began as a Minotaur Monk on Feb 7, 2022.
             Was a Follower of Ashenzari.
             Killed from afar by Ijyb (31 damage)
             ... with a bolt of acid
             ... on level 4 of the Dungeon.
             The game lasted 00:04:10 (3276 turns).

HallandMoats the Poker (Minotaur Monk)              Turns: 3276, Time: 00:04:11

Health: -6/55      AC:  5    Str: 16    XL:     6   Next: 23%
Magic:  6/6        EV: 12    Int:  7    God:    Ashenzari [*.....]
Gold:   1443       SH:  0    Dex: 14    Spells: 5/5 levels left

rFire   . . .      SeeInvis .   a - +0 spear
rCold   . . .      Faith    .   (no shield)
rNeg    . . .      Spirit   .   i - +0 ring mail of Ashenzari's Omen {Melee, Elem} (curse)
rPois   .          Reflect  .   (helmet restricted)
rElec   .          Harm     .   (no cloak)
rCorr   .          Rampage  .   (no gloves)
Will    .....                   (no boots)
Stlth   +.........              (no amulet)
HPRegen 0.18/turn               o - ring of Ashenzari's Doubts {AC+4, Comp, Melee} (curse)
MPRegen 0.10/turn               (no ring)

@: corroded
A: horns 2, retaliatory headbutt
a: Renounce Religion, Shatter the Chains


You were on level 4 of the Dungeon.
You worshipped Ashenzari.
Ashenzari was aware of your devotion.
You visited 1 branch of the dungeon, and saw 4 of its levels.

You collected 1503 gold pieces.
You spent 60 gold pieces at shops.

Inventory:

Hand Weapons
 a - a +0 spear (weapon)
Armour
 i - the cursed +0 ring mail of Ashenzari's Omen (worn) {Melee, Elem}
   (You bought it in a shop on level 1 of the Dungeon)

   It has a curse which improves the following skills: Melee Combat: Short
   Blades, Long Blades, Axes, Maces & Flails, Polearms, Staves and Unarmed
   Combat.
   Elements:  Fire Magic, Ice Magic, Air Magic and Earth Magic.
Jewellery
 o - the cursed ring of Ashenzari's Doubts (left hand) {AC+4, Comp, Melee}
   (You found it on level 4 of the Dungeon)

   [ring of protection]

   AC:        It affects your AC (+4).
   It has a curse which improves the following skills: Companions: Summonings
   and Necromancy.
   Melee Combat: Short Blades, Long Blades, Axes, Maces & Flails, Polearms,
   Staves and Unarmed Combat.
Scrolls
 f - 3 scrolls of fear
 k - a scroll of holy word
 l - a scroll of fog
 p - a scroll of immolation
Potions
 b - 2 potions of heal wounds
 c - a potion of might
 d - 2 potions of lignification
 h - a potion of flight
 n - a potion of mutation


   Skills:
 * Level 4.9 Fighting
 * Level 5.0(6.2) Polearms
 * Level 3.0 Armour
 * Level 4.5 Dodging
 - Level 1.5 Stealth
 + Level 2.1 Shields
 + Level 1.6 Invocations


You had 5 spell levels left.
You didn't know any spells.
Your spell library contained the following spells:

 Spells                   Type           Power      Damage    Failure   Level
 Passage of Golubria      Tloc           0%         N/A       100%        4
 Silence                  Hex/Air        0%         N/A       100%        5
 Lehudib's Crystal Spear  Conj/Erth      0%         10d2      100%        8


Dungeon Overview and Level Annotations

Branches:
Dungeon (4/15)
 Temple: D:4-7

Altars:
Ashenzari

Shops:
D:1 *

Annotations:
D:4 Dowan, Ijyb


Innate Abilities, Weirdness & Mutations

You have a pair of horns on your head.
You reflexively headbutt those who attack you in melee.


Message History

You now have 1443 gold pieces (gained 1281).
Ijyb is nearby!
Ijyb shouts!
You reach to attack!
You completely miss Ijyb.
You reach to attack!
You barely miss Ijyb. You completely miss Ijyb.
Ijyb zaps a wand.
The bolt of acid hits you!!
Ouch! That really hurt!
The acid corrodes you!
You are too injured to fight recklessly!
You are too injured to fight recklessly!
You are too injured to fight recklessly!
You are too injured to fight recklessly!
You are too injured to fight recklessly!
You are too injured to fight recklessly!
You are too injured to fight recklessly!
You are too injured to fight recklessly!
You are too injured to fight recklessly!
You are too injured to fight recklessly!
You are too injured to fight recklessly!
You are too injured to fight recklessly!
You are too injured to fight recklessly!
You are too injured to fight recklessly!
You are too injured to fight recklessly!
You are too injured to fight recklessly!
You are too injured to fight recklessly!
You are too injured to fight recklessly!
You are too injured to fight recklessly!
You are too injured to fight recklessly!
You are too injured to fight recklessly!
You closely miss Ijyb.
Ijyb zaps a wand.
The bolt of acid misses you.
You barely miss Ijyb. You hit Ijyb but do no damage.
Ijyb hits you but does no damage.
You barely miss Ijyb. Ijyb barely misses you. You furiously retaliate!
You headbutt Ijyb, but do no damage. You barely miss Ijyb. Ijyb misses you.
You hit Ijyb.
Ijyb is lightly wounded.
Ijyb zaps a wand.
The bolt of acid hits you!!
Ouch! That really hurt!
You die...

##..## #..##...#
##..## ##..###...
##..# #...# #.. #..##
###...### #.
##..###.......# #.
##...............
###........# ...
####..<.......## #
#..g@..........## .
#..$.#####.#......#..
#### #..#........#
#..#........#
##.........##
#..(........
#.?.........
#..........#
#...#...(..#


You could see Ijyb.

Vanquished Creatures
  A howler monkey (D:4)
  An orc priest (D:3)
  3 orc wizards (D:3)
  3 gnolls (D:3)
  4 adders
  A howler monkey skeleton (D:4)
  A shadow imp (D:4)
  4 worms
  A dart slug (D:1)
  8 orcs (D:3)
  3 ball pythons
  7 endoplasms
  6 giant cockroaches
  8 goblins
  8 hobgoblins
  2 quokkas (D:3)
  2 bats (D:1)
  2 frilled lizards (D:1)
  4 kobolds
  13 rats
82 creatures vanquished.

Notes
Turn   | Place    | Note
-------+----------+-------------------------------------------
     0 | D:1      | HallandMoats the Minotaur Monk began the quest for the Orb.
     0 | D:1      | Reached XP level 1. HP: 19/19 MP: 0/0
    29 | D:1      | Found a faded altar of an unknown god.
    37 | D:1      | Prayed at the altar of an unknown god.
    37 | D:1      | Became a worshipper of Ashenzari the Shackled
   163 | D:1      | Reached XP level 2. HP: 27/27 MP: 1/1
   243 | D:1      | Reached skill level 1 in Armour
   409 | D:1      | Found Veulucw's General Store.
   428 | D:1      | Bought a scroll of identify for 20 gold pieces
   447 | D:1      | Reached skill level 4 in Polearms
   454 | D:1      | Reached XP level 3. HP: 31/33 MP: 2/2
   808 | D:2      | Reached skill level 1 in Shields
   930 | D:1      | Bought a +0 ring mail for 40 gold pieces
  1681 | D:3      | Reached XP level 4. HP: 35/40 MP: 3/3
  1721 | D:3      | Reached skill level 1 in Invocations
  1837 | D:3      | Reached XP level 5. HP: 19/47 MP: 4/4
  2973 | D:4      | Reached XP level 6. HP: 53/55 MP: 6/6
  3010 | D:4      | Reached skill level 5 in Polearms
  3030 | D:4      | Noticed Dowan
  3236 | D:4      | Noticed Ijyb
  3253 | D:4      | Reached * piety under Ashenzari
  3253 | D:4      | Identified a scroll of acquirement
  3257 | D:4      | Acquired 1281 gold pieces
  3276 | D:4      | Killed from afar by Ijyb

Illustrated notes

Levels and vault maps discovered:
D:1:      eino_arrival_druids_welcome, layout_basic, serial_shops,
          nicolae_shop_stone, basic_ecumenical_altar,
          chequers_serial_rivers_micro_d
D:2:      layout_loops_corners, kennysheep_generic_room_13
D:3:      layout_loops_ring
D:4:      layout_layer_cave, hangedman_decor_slide_cut, uniq_ijyb, uniq_duvessa

Skill      XL: |  1  2  3  4  5  6 |
---------------+-------------------+-----
Armour         | 1 2 3 |  3.0
Polearms       | 4 5 |  5.0
Fighting       | 4 |  4.9
Shields        | 1 2 |  2.1
Dodging        | 4 |  4.5
Invocations    | 1 |  1.6
Stealth        | |  1.5

Action                   |  1- 3 |  4- 6 || total
-------------------------+-------+-------++-------
Melee: Spear             |   119 |   171 ||   290
       Headbutt          |    16 |    24 ||    40
       Punch             |       |     1 ||     1
Invok: Curse Item        |     1 |     1 ||     2
  Use: Scroll            |     1 |     1 ||     2
 Stab: Sleeping          |     5 |     2 ||     7
Armor: Robe              |    11 |       ||    11
       Ring mail         |     5 |    18 ||    23
Dodge: Dodged            |    50 |    40 ||    90
